 Dungeon Crawl Stone Soup version 0.29-a0-330-g52719c12eb (webtiles) character file.

Game seed: 15742133785318823515

2361 tilp the Skirmisher (level 9, -1/78 HPs)
             Began as a Purple Draconian Hedge Wizard on May 14, 2022.
             Slain by an orc warrior
             ... wielding a +0 trident
              (18 damage)
             ... on level 7 of the Dungeon on May 16, 2022.
             The game lasted 00:09:47 (8103 turns).

tilp the Skirmisher (Purple Draconian Hedge Wizard) Turns: 8103, Time: 00:09:48

Health: -1/78      AC:  8    Str: 12    XL:     9   Next: 21%
Magic:  16/16      EV: 13    Int: 19    God:
Gold:   321        SH:  5    Dex: 11    Spells: 14/18 levels left

rFire   . . .      SeeInvis .   a - +5 dagger
rCold   . . .      Faith    .   (no shield)
rNeg    . . .      Spirit   .   (body armour unavailable)
rPois   .          Reflect  +   b - +1 hat
rElec   .          Harm     .   (no cloak)
rCorr   .          Rampage  .   (no gloves)
Will    +....                   (no boots)
Stlth   ++........              k - amulet of reflection
HPRegen 0.23/turn               h - +4 ring of slaying
MPRegen 0.15/turn               m - +4 ring of slaying

@: no status effects
A: breathe power, AC +7, unfitting armour, cold-blooded
a: Breathe Dispelling Energy


You were on level 7 of the Dungeon.
You visited 1 branch of the dungeon, and saw 7 of its levels.

You collected 321 gold pieces.

Inventory:

Hand Weapons
 a - a +5 dagger (weapon)
 j - a +2 vampiric hand axe
 o - a +0 antimagic dagger
 t - a +0 rapier of flaming
 x - a +1 eveningstar
Missiles
 e - 192 stones
 s - 6 boomerangs
 y - 12 poisoned darts (quivered)
Armour
 b - a +1 hat (worn)
Jewellery
 h - a +4 ring of slaying (left hand)
 k - an amulet of reflection (around neck)
 m - a +4 ring of slaying (right hand)
Wands
 r - a wand of iceblast (13)
 u - a wand of polymorph (9)
 z - a wand of flame (23)
Scrolls
 d - 2 scrolls of immolation
 p - 3 scrolls of teleportation
 v - 2 scrolls of fear
Potions
 c - 4 potions of magic
 f - 3 potions of lignification
 g - 2 potions of ambrosia
 i - 2 potions of resistance
 l - a potion of haste
 n - 2 potions of might
 q - 5 potions of mutation
 w - 2 potions of curing
 A - 2 potions of heal wounds {unknown}
 B - a potion of flight {unknown}
 C - 2 potions of attraction


   Skills:
 + Level 6.6 Fighting
 + Level 2.2 Maces & Flails
 - Level 2.0 Throwing
 + Level 3.8 Dodging
 - Level 4.0 Stealth
 - Level 5.1 Spellcasting
 - Level 4.0 Conjurations
 - Level 4.0 Hexes
 - Level 1.0 Summonings
 - Level 4.0 Translocations
 - Level 4.0 Evocations


You had 14 spell levels left.
You knew the following spells:

 Your Spells              Type           Power      Damage    Failure   Level
a - Magic Dart            Conj           80%        1d7       2%          1
b - Slow                  Hex            80%        N/A       2%          1
c - Blink                 Tloc           40%        N/A       3%          2

Your spell library contained the following spells:

 Spells                   Type           Power      Damage    Failure   Level
 Tukima's Dance           Hex            20%        N/A       7%          3
 Call Imp                 Summ           8%         N/A       12%         2
 Conjure Flame            Conj/Fire      12%        6-21      16%         3
 Stone Arrow              Conj/Erth      24%        3d8       16%         3
 Mephitic Cloud           Conj/Pois/Air  9%         N/A       22%         3
 Cause Fear               Hex            10%        N/A       24%         4
 Anguish                  Hex/Necr       6%         N/A       47%         4
 Manifold Assault         Tloc           20%        N/A       54%         5
 Dragon Form              Tmut           2%         N/A       100%        7
 Enfeeble                 Hex            10%        N/A       100%        7
 Storm Form               Tmut/Air       2%         N/A       100%        7
 Lehudib's Crystal Spear  Conj/Erth      6%         10d3      100%        8
 Dragon's Call            Summ           4%         N/A       100%        9
 Animate Armour           Summ/Erth      Unusable   N/A       N/A         4

Dungeon Overview and Level Annotations

Branches:
Dungeon (7/15)
 Temple: D:4-7

Altars:


Innate Abilities, Weirdness & Mutations

You can breathe bolts of dispelling energy.
Your rich purple scales are hard. (AC +7)
You cannot fit into any form of body armour.
You are cold-blooded and may be slowed by cold attacks.


Message History

The orc misses you. You block the orc warrior's attack.
Unknown command.
You puncture the orc!
You kill the orc!
The orc warrior hits you from afar with a +0 trident.
Unknown command.
You hit the orc.
Your tail-slap misses the orc.
The orc is almost dead.
You block the orc's attack.
The orc warrior hits you from afar with a +0 trident!
Unknown command.
You hit the orc but do no damage.
The orc is almost dead.
The orc completely misses you.
The orc warrior hits you from afar with a +0 trident!
Unknown command.
You are too injured to fight recklessly!
Unknown command.
You are too injured to fight recklessly!
Unknown command.
You are too injured to fight recklessly!
You puncture the orc!
You kill the orc!
The orc warrior hits you from afar with a +0 trident!
You block the orc warrior's attack.
Items here: )) [ †.
You hit the orc warrior but do no damage.
The orc warrior hits you with a +0 trident!
* * * LOW HITPOINT WARNING * * *
You hit the orc warrior.
The orc warrior is lightly wounded.
You block the orc warrior's attack.
You puncture the orc warrior!
The orc warrior is heavily wounded.
The orc warrior hits you with a +0 trident!
* * * LOW HITPOINT WARNING * * *
You closely miss the orc warrior.
The orc warrior is heavily wounded.
The orc warrior hits you with a +0 trident!!
You die...

..............# ..
..............#####+####
........................
.......##.....#.........
......#######.#.........
###.###....##.#.........
#.......................
#...............)o......
#...............@.......
#....)..................
#........)...........#..
####...........###...#
.......).......# ...#
.###.)..†......# ...#
.......).......# ###
...............#
###............#


You could see an orc warrior.

Vanquished Creatures
  Grinder (D:6)
  A shadow (D:6)
  A wyvern (D:4)
  Eustachio (D:5)
  A water moccasin (D:7)
  An orc warrior (D:7)
  A black bear (D:7)
  2 sky beasts (D:7)
  2 centaurs
  Blork the orc (D:5)
  A bullfrog (D:6)
  2 kobold brigands (D:6)
  4 scorpions
  A necrophage (D:4)
  A howler monkey (D:5)
  A gnoll shaman (D:7)
  An orc priest (D:5)
  2 jellies
  Ijyb (D:5)
  2 iguanas
  3 orc wizards
  3 gnolls (D:7)
  5 adders
  A shadow imp (D:7)
  3 dart slugs
  26 orcs
  4 ball pythons
  4 bats
  4 endoplasms
  6 giant cockroaches
  7 goblins
  6 hobgoblins
  3 jackals (D:1)
  24 kobolds
  5 quokkas
  4 frilled lizards
  7 rats
143 creatures vanquished.

Notes
Turn   | Place    | Note
-------+----------+-------------------------------------------
     0 | D:1      | tilp the Draconian Hedge Wizard began the quest for the
                  | Orb.
     0 | D:1      | Reached XP level 1. HP: 14/14 MP: 4/4
   256 | D:1      | Reached XP level 2. HP: 19/22 MP: 0/6
   696 | D:1      | Reached skill level 1 in Fighting
   895 | D:1      | Learned a level 1 spell: Slow
   898 | D:1      | Learned a level 2 spell: Blink
  1021 | D:1      | Reached XP level 3. HP: 27/28 MP: 7/7
  2170 | D:2      | Reached XP level 4. HP: 32/35 MP: 9/9
  2238 | D:2      | Reached skill level 1 in Hexes
  3496 | D:3      | Found a faded altar of an unknown god.
  3741 | D:4      | Reached XP level 5. HP: 40/40 MP: 10/10
  3762 | D:4      | Noticed a wyvern
  3768 | D:4      | Killed a wyvern
  3769 | D:4      | Reached skill level 2 in Fighting
  3769 | D:4      | Reached XP level 6. HP: 32/48 MP: 10/12
  4590 | D:5      | Entered Level 5 of the Dungeon
  4806 | D:5      | Reached skill level 1 in Throwing
  4815 | D:5      | Noticed Eustachio
  4842 | D:5      | Killed Eustachio
  4843 | D:5      | Reached skill level 3 in Fighting
  4843 | D:5      | Your scales start taking on a rich purple colour.
  4843 | D:5      | Reached skill level 5 in Spellcasting
  4843 | D:5      | Reached XP level 7. HP: 51/57 MP: 14/14
  5202 | D:5      | Reached skill level 4 in Fighting
  5685 | D:5      | Noticed Blork the orc
  5696 | D:5      | Killed Blork the orc
  5919 | D:5      | Reached XP level 8. HP: 66/66 MP: 15/15
  5966 | D:5      | Noticed Ijyb
  5976 | D:5      | Killed Ijyb
  7078 | D:6      | Noticed Grinder
  7100 | D:6      | Killed Grinder
  7101 | D:6      | Reached skill level 5 in Fighting
  7419 | D:6      | Reached skill level 6 in Fighting
  7626 | D:7      | Reached skill level 1 in Maces & Flails
  7626 | D:7      | Reached XP level 9. HP: 63/75 MP: 16/16
  8103 | D:7      | Slain by an orc warrior

Illustrated notes

Levels and vault maps discovered:
D:1:      dpeg_arrival_castle, layout_loops_corners, st_stairs_2
D:2:      layout_loops_corners, minmay_misc_feat_nine_boxes
D:3:      layout_loops_corners, dreamdust_ecumenical_altar_grove,
          corexii_hall_statues_t, minmay_splitting_lines
D:4:      layout_rooms
D:5:      layout_basic, kennysheep_generic_room_5, uniq_eustachio, uniq_ijyb,
          uniq_blork_the_orc
D:6:      layout_cave_pods, minmay_tree_intersection, uniq_grinder
D:7:      layout_basic, minmay_temple_entry_statues, st_stairs_8

Skill      XL: |  1  2  3  4  5  6  7  8  9 |
---------------+----------------------------+-----
Stealth        | 2 4 |  4.0
Dodging        | 2 3 |  3.8
Fighting       | 1 2 3 4 6 |  6.6
Hexes          | 1 2 3 4 |  4.0
Translocations | 2 3 4 |  4.0
Spellcasting   | 4 5 |  5.1
Conjurations   | 2 4 |  4.0
Throwing       | 1 2 |  2.0
Evocations     | 4 |  4.0
Maces & Flails | 1 2 |  2.2
Summonings     | |  1.0

Action                   |  1- 3 |  4- 6 |  7- 9 || total
-------------------------+-------+-------+-------++-------
Melee: Dagger            |    83 |    92 |   171 ||   346
       Tailslap          |    10 |    14 |    15 ||    39
       Punch             |       |     1 |     1 ||     2
Throw: Stone             |       |     4 |     2 ||     6
       Dart              |       |     4 |     5 ||     9
 Cast: Magic Dart        |    43 |       |     3 ||    46
       Slow              |       |       |     1 ||     1
 Abil: Breathe Dispellin |       |       |     3 ||     3
  Use: Scroll            |     3 |     8 |     7 ||    18
 Stab: Sleeping          |     5 |     4 |     3 ||    12
Armor: Skin              |    31 |    21 |    67 ||   119
Dodge: Dodged            |    43 |    30 |    98 ||   171
Block: Other             |     6 |    20 |    43 ||    69
       Reflection        |     1 |       |     3 ||     4

Table legend: (Time is in decaauts)
 A = Elapsed time spent in this place.
 B = Non-inter-level travel time spent in this place.
 C = Inter-level travel time spent in this place.
 D = Time resting spent in this place.
 E = Time spent auto-exploring this place.
 F = Levels seen in this place.
 G = Mean time per level.
                   A        B        C        D        E       F      G
               +--------+--------+--------+--------+--------+-----+--------+
         Total |   8107 |   7903 |    204 |    951 |   5943 |   7 | 1158.1 |
       Dungeon |   8107 |   7903 |    204 |    951 |   5943 |   7 | 1158.1 |
               +--------+--------+--------+--------+--------+-----+--------+

Top non-repeatable levels by time:
     D:5: 1780 daAuts
     D:1: 1577 daAuts
     D:6: 1365 daAuts
     D:2: 1327 daAuts
     D:4: 897 daAuts
     D:3: 790 daAuts
     D:7: 367 daAuts
